 Dungeon Crawl Stone Soup version 0.25-a0-566-g062765be81 (webtiles) character file.

Game seed: 15913662479488026599, levelgen mode: deterministic

2 kae the Sneak (level 1, -9/10 HPs)
             Began as a Kobold Enchanter on Feb 27, 2020.
             Mangled by a kobold
             ... wielding a +2 short sword of electrocution
              (11 damage)
             ... on level 1 of the Dungeon.
             The game lasted 00:00:19 (191 turns).

kae the Sneak (Kobold Enchanter)                     Turns: 191, Time: 00:00:20

Health: -9/10      AC:  2    Str:  5    XL:     1   Next: 33%
Magic:  2/3        EV: 15    Int: 16    God:
Gold:   18         SH:  0    Dex: 15    Spells: 3/4 levels left

rFire    . . .     SeeInvis .   a - +1 dagger
rCold    . . .     Gourm    .   (shield restricted)
rNeg     . . .     Faith    .   b - +0 robe
rPois    .         Spirit   .   (no helmet)
rElec    .         Reflect  .   (no cloak)
rCorr    .         Harm     .   (no gloves)
MR       .....                  (no boots)
Stlth    +++.......             (no amulet)
HPRegen  0.03/turn              (no ring)
MPRegen  0.08/turn              (no ring)

@: no status effects
A: small, carnivore
a: no special abilities


You were on level 1 of the Dungeon.
You were not hungry.

You visited 1 branch of the dungeon, and saw 1 of its levels.

You collected 18 gold pieces.

Inventory:

Hand Weapons
 a - a +1 dagger (weapon)
Armour
 b - a +0 robe (worn)
Potions
 c - a potion of haste {unknown}
 e - a potion of curing {unknown}
Comestibles
 d - a ration


   Skills:
 * Level 1.5 Short Blades
 - Level 2.4 Dodging
 + Level 4.0 Stealth
 + Level 2.2 Spellcasting
 + Level 3.0 Hexes


You had 3 spell levels left.
You knew the following spells:

 Your Spells              Type           Power        Failure   Level  Hunger
a - Corona                Hex            ##.....      6%          1    #......

Your spell library contained the following spells:

 Spells                   Type           Power        Failure   Level  Hunger
 Ensorcelled Hibernation  Hex/Ice        #.....       17%         2    ###....
 Confusing Touch          Hex            ##......     17%         3    ###....
 Tukima's Dance           Hex            ##......     17%         3    ###....
 Dazzling Flash           Conj/Hex       #.....       32%         3    ###....


Dungeon Overview and Level Annotations

Branches:
Dungeon (1/15)

Altars:


Innate Abilities, Weirdness & Mutations

You are small and have problems with some larger weapons.
You are carnivorous and can eat meat at any time.


Message History

The kobold hits you with a +2 short sword of electrocution.
Ouch! That really hurt!
You see here a hunting sling.
You see here a kite shield.
Casting: Corona (safe; 6% risk of failure)
Confirm with . or Enter, or press ? or * to list all spells.
Aiming: Corona (safe; 6% risk of failure)
Press: ? - help, Shift-Dir - straight line, f - kobold
Aim: a kobold, wielding a +2 short sword of electrocution (chance to defeat MR: 64%)
The kobold barely resists.
The kobold hits you with a +2 short sword of electrocution.
You barely miss the kobold. The kobold closely misses you.
You hit the kobold but do no damage. The kobold barely misses you.
You hit the kobold but do no damage. The kobold hits you but does no damage.
You barely miss the kobold.
The kobold hits you with a +2 short sword of electrocution.
* * * LOW HITPOINT WARNING * * *
You are electrocuted!
Ouch! That really hurt!
You die...

.......†.......>....##..########
################...##..##
#..##...# #.##....# ###.....#
#......## ##.......# #K..####.##
#@.## #..# #### ##.# #.# #.##
#..# ##.## #..# ##.######
#.#8≈≈≈≈


You could see a kobold.

Vanquished Creatures
  A giant cockroach (D:1)
  A bat (D:1)
2 creatures vanquished.

Notes
Turn   | Place    | Note
-------+----------+-------------------------------------------
     0 | D:1      | kae the Kobold Enchanter began the quest for the Orb.
     0 | D:1      | Reached XP level 1. HP: 10/10 MP: 3/3
   191 | D:1      | Mangled by a kobold

Levels and vault maps discovered:
D:1:      lightli_arrival_noodles, layout_basic, nrook_mini_backslash

Action                   || total
-------------------------++-------
Melee: Dagger            ||    17
 Cast: Corona            ||     1
 Stab: Sleeping          ||     1
Armor: Robe              ||     3
Dodge: Dodged            ||    13

Table legend:
 A = Non-vault XP
 B = Vault XP
 C = Vault XP percentage of total XP
 D = Non-vault monster count
 E = Vault monster count
 F = Vault count percentage of total count
                 A         B        C        D         E       F
            +---------+---------+-------+---------+---------+-------
      Total |       3 |       0 |   0.0 |       2 |       0 |   0.0
            +---------+---------+-------+---------+---------+-------
        D:1 |       3 |       0 |   0.0 |       2 |       0 |   0.0
            +---------+---------+-------+---------+---------+-------
